 Dungeon Crawl Stone Soup version 0.29.0-11-gd7f09526c8 (webtiles) character file.

Game seed: 10554627458996827768

32 robertstho the Trooper (level 3, -7/30 HPs)
             Began as a Vine Stalker Berserker on Sept 6, 2022.
             Was a Follower of Trog.
             Mangled by a gnoll
             ... wielding a +0 spear
              (9 damage)
             ... on level 4 of the Dungeon.
             The game lasted 00:00:45 (1311 turns).

robertstho the Trooper (Vine Stalker Berserker)     Turns: 1311, Time: 00:00:47

Health: -7/30      AC:  2    Str: 21    XL:     3   Next: 27%
Magic:  0/4        EV: 12    Int:  7    God:    Trog [*.....]
Gold:   25         SH:  0    Dex: 13    Spells: 2/2 levels left

rFire   . . .      SeeInvis .     - Unarmed
rCold   . . .      Faith    .   (no shield)
rNeg    . . .      Spirit   +   a - +0 animal skin
rPois   .          Reflect  .   (no helmet)
rElec   .          Harm     .   (no cloak)
rCorr   .          Rampage  .   (no gloves)
Will    .....                   (no boots)
Stlth   ..........              (no amulet)
HPRegen 0.10/turn               (no ring)
MPRegen 0.09/turn               (no ring)

@: berserking (expiring), very quick
A: fangs 2, magic shield, antimagic bite, no potion heal 2
a: Renounce Religion, Berserk


You were on level 4 of the Dungeon.
You worshipped Trog.
Trog was aware of your devotion.
You visited 1 branch of the dungeon, and saw 3 of its levels.

You collected 25 gold pieces.

Inventory:

Armour
 a - a +0 animal skin (worn)
Scrolls
 b - a scroll of identify {unknown}
 c - a scroll of fear {unknown}
 d - 3 scrolls of enchant armour {unknown}
 g - 2 scrolls of teleportation {unknown}
Potions
 e - a potion of degeneration {unknown}
 f - a potion of curing {unknown}
 h - a potion of resistance {unknown}
 i - a potion of lignification {unknown}


   Skills:
 * Level 3.5 Fighting
 * Level 1.8 Armour
 + Level 1.6 Dodging
 + Level 0.1 Stealth
 + Level 3.2 Unarmed Combat


You had 2 spell levels left.
You didn't know any spells.
Your spell library was empty.

Dungeon Overview and Level Annotations

Branches:
Dungeon (2/15)

Altars:

Shops:
D:2 [


Innate Abilities, Weirdness & Mutations

You have extremely sharp teeth.
When hurt, damage is shared between your health and your magic reserves.
Your bite disrupts and absorbs the magic of your enemies.
Potions cannot restore your health.


Message History

No target in view!
HP restored.
g - 2 scrolls labelled AKHLEZX USHRACSA (gained 1)
i - a smoky yellow potion You now have 25 gold pieces (gained 8).
A gnoll comes into view. It is wielding a +0 spear.
A gnoll is nearby!
A gnoll is nearby!
A gnoll comes into view. It is wielding a +0 whip.
The gnoll shouts!
A gnoll comes into view. It is wielding a +0 spear.
The gnoll hits you from afar with a +0 spear.
A red film seems to cover your vision as you go berserk!
You feel yourself moving faster!
You feel mighty!
The gnoll shouts!
The gnoll barely misses you.
You feel a strong urge to attack something.
You barely miss the gnoll. The gnoll hits you with a +0 spear!
You barely miss the gnoll. Your punch misses the gnoll.
Your bite misses the gnoll. You hit the gnoll.
The gnoll is moderately wounded.
You punch the gnoll!
You kill the gnoll!
Trog accepts your kill.
The gnoll hits you from afar with a +0 spear.
* * * LOW HITPOINT WARNING * * *
You have reached level 3!
Your experience leads to an increase in your attributes!
Increase (S)trength, (I)ntelligence, or (D)exterity?
You feel stronger. x2
Things that are here:
a +0 whip; a gnoll corpse You closely miss the gnoll.
You bite the gnoll! You drain its power.
You feel invigorated.
The gnoll is almost dead.
The gnoll hits you with a +0 spear!
* * * LOW HITPOINT WARNING * * *
The gnoll hits you from afar with a +0 spear!
You die...

#.......#.######
#.......#......#
#[......######.#
#.......# #.#
#.......# #.#
#.......# #.#
#######.# #.# .#
#.# #@# #g# #g#
#.# #.. ###


You could see 2 gnolls.

Vanquished Creatures
  A gnoll (D:4)
  A dart slug (D:1)
  3 endoplasms
  A giant cockroach (D:2)
  2 goblins (D:1)
  3 hobgoblins
  2 quokkas (D:2)
  A ball python (D:2)
  2 bats (D:1)
  2 kobolds
  A rat (D:1)
19 creatures vanquished.

Notes
Turn   | Place    | Note
-------+----------+-------------------------------------------
     0 | D:1      | robertstho the Vine Stalker Berserker began the quest for
                  | the Orb.
     0 | D:1      | Reached XP level 1. HP: 11/11 MP: 2/2
   265 | D:1      | Reached XP level 2. HP: 16/16 MP: 3/3
   934 | D:2      | Found Liagynudynt's Armour Boutique.
  1220 | D:2      | You fall into a shaft and drop 2 floors!
  1310 | D:4      | Reached XP level 3. HP: 7/20 MP: 1/4
  1311 | D:4      | Mangled by a gnoll

Illustrated notes

Levels and vault maps discovered:
D:1:      sevenhm_arrival_forest_fort_small_3, layout_basic,
          ebering_dispersal_statue_hall, minmay_misc_feat_roman
D:2:      layout_loops_ring, serial_shops, shop, basic_altar, uniq_terence,
          uniq_sigmund
D:4:      minmay_diamond_boxcup, layout_basic

Skill      XL: |  1 |
---------------+----+-----
Fighting       | 3 |  3.5
Armour         | |  1.8
Dodging        | |  1.6
Stealth        | |  0.1
Unarmed Combat | |  3.2

Action                   || total
-------------------------++-------
Melee: Unarmed           ||    45
       Punch             ||     2
       Bite              ||    12
Invok: Berserk           ||     1
 Stab: Sleeping          ||     1
Armor: Animal skin       ||     9
Dodge: Dodged            ||    20
